Workbook

Sheet All
N2: Out of State | P2: Wyoming Sugar | Q2: From Facilities
C3: Gas production | D3: Beet Syrup purchase from Washakie | E3: Beet Syrup Purchase National To Campbell | F3: Washakie Beet input purchases | G3: Goshen Beet input Purchases | H3: 1/3 Skid const. cost | I3: Skid maint. cost | J3: Facility (Washakie) | K3: Re-Develop facility (GOSHEN) | L3: OpEx Washakie | M3: OpEx Goshen | N3: Shipping Rail Out of State | O3: Shipping Truck Out of State | P3: Shipping Truck from (purchased SBS) Washakie to Campbell | Q3: Shipping Truck of SBS from Washakie Facility to Campbell | R3: Shipping Truck of SBS from Goshen Facility to Campbell
B4: County | C4: Campbell | D4: Washakie | E4: Campbell | F4: Washakie | G4: Goshen | H4: Campbell | I4: Campbell | J4: Washakie | K4: Goshen | L4: Washakie | M4: Goshen | N4: National | O4: Weston | P4: Washakie | Q4: Washakie | R4: Goshen
B5: 2024 | C5: ='Natual gas'!G5 -> 0 | D5: ='Beet Purchase'!C14 -> 675000 | E5: ='Beet Purchase'!F14 -> 0 | F5: ='Beet Purchase'!D14 -> 0 | G5: ='Beet Purchase'!E14 -> 0 | H5: =Skid!G5 -> 100000 | I5: =Skid!H5 -> 0 | J5: =Facilities!G6 -> 0 | K5: =Facilities!H6 -> 0 | L5: =Facilities!I6 -> 0 | M5: =Facilities!J6 -> 0 | N5: =Shipping!G18 -> 0 | O5: =Shipping!H18 -> 0 | P5: =Shipping!I18 -> 139334.4 | Q5: =Shipping!J18 -> 0 | R5: =Shipping!K18 -> 0
B6: 2025 | C6: ='Natual gas'!G6 -> 522448.9 | D6: ='Beet Purchase'!C15 -> 675000 | E6: ='Beet Purchase'!F15 -> 1575000 | F6: ='Beet Purchase'!D15 -> 0 | G6: ='Beet Purchase'!E15 -> 0 | H6: =Skid!G6 -> 400000 | I6: =Skid!H6 -> 30000 | J6: =Facilities!G7 -> 0 | K6: =Facilities!H7 -> 0 | L6: =Facilities!I7 -> 0 | M6: =Facilities!J7 -> 0 | N6: =Shipping!G19 -> 151653.6 | O6: =Shipping!H19 -> 121917.6 | P6: =Shipping!I19 -> 139334.4 | Q6: =Shipping!J19 -> 0 | R6: =Shipping!K19 -> 0
B7: 2026 | C7: ='Natual gas'!G7 -> 1007186.2 | D7: ='Beet Purchase'!C16 -> 9675000 | E7: ='Beet Purchase'!F16 -> 12825000 | F7: ='Beet Purchase'!D16 -> 0 | G7: ='Beet Purchase'!E16 -> 0 | H7: =Skid!G7 -> 1000000 | I7: =Skid!H7 -> 150000 | J7: =Facilities!G8 -> 2500000 | K7: =Facilities!H8 -> 0 | L7: =Facilities!I8 -> 0 | M7: =Facilities!J8 -> 0 | N7: =Shipping!G20 -> 1234893.6 | O7: =Shipping!H20 -> 992757.6 | P7: =Shipping!I20 -> 1997126.4 | Q7: =Shipping!J20 -> 0 | R7: =Shipping!K20 -> 0
B8: 2027 | C8: ='Natual gas'!G8 -> 1525594 | D8: ='Beet Purchase'!C17 -> 2250000 | E8: ='Beet Purchase'!F17 -> 17437500 | F8: ='Beet Purchase'!D17 -> 6125000 | G8: ='Beet Purchase'!E17 -> 9187500 | H8: =Skid!G8 -> 1000000 | I8: =Skid!H8 -> 450000 | J8: =Facilities!G9 -> 2500000 | K8: =Facilities!H9 -> 7500000 | L8: =Facilities!I9 -> 2625000 | M8: =Facilities!J9 -> 3937500 | N8: =Shipping!G21 -> 1679022 | O8: =Shipping!H21 -> 1349802 | P8: =Shipping!I21 -> 464448 | Q8: =Shipping!J21 -> 1625568 | R8: =Shipping!K21 -> 3124138.5
B9: 2028 | C9: ='Natual gas'!G9 -> 2538252.5 | D9: ='Beet Purchase'!C18 -> 2250000 | E9: ='Beet Purchase'!F18 -> 9000000 | F9: ='Beet Purchase'!D18 -> 6562500 | G9: ='Beet Purchase'!E18 -> 19687500 | H9: =Skid!G9 -> 500000 | I9: =Skid!H9 -> 750000 | J9: =Facilities!G10 -> 0 | K9: =Facilities!H10 -> 7500000 | L9: =Facilities!I10 -> 2812500 | M9: =Facilities!J10 -> 8437500 | N9: =Shipping!G22 -> 866592 | O9: =Shipping!H22 -> 696672 | P9: =Shipping!I22 -> 464448 | Q9: =Shipping!J22 -> 1741680 | R9: =Shipping!K22 -> 6694582.5
B10: 2029 | C10: ='Natual gas'!G10 -> 3881495.1 | D10: ='Beet Purchase'!C19 -> 2250000 | E10: ='Beet Purchase'!F19 -> 6750000 | F10: ='Beet Purchase'!D19 -> 8750000 | G10: ='Beet Purchase'!E19 -> 26250000 | H10: =Skid!G10 -> 0 | I10: =Skid!H10 -> 900000 | J10: =Facilities!G11 -> 0 | K10: =Facilities!H11 -> 0 | L10: =Facilities!I11 -> 3750000 | M10: =Facilities!J11 -> 11250000 | N10: =Shipping!G23 -> 649944 | O10: =Shipping!H23 -> 522504 | P10: =Shipping!I23 -> 464448 | Q10: =Shipping!J23 -> 2322240 | R10: =Shipping!K23 -> 8926110
B11: 2030 | C11: ='Natual gas'!G11 -> 3881495.1 | D11: ='Beet Purchase'!C20 -> 2250000 | E11: ='Beet Purchase'!F20 -> 6750000 | F11: ='Beet Purchase'!D20 -> 8750000 | G11: ='Beet Purchase'!E20 -> 26250000 | H11: =Skid!G11 -> 0 | I11: =Skid!H11 -> 900000 | J11: =Facilities!G12 -> 0 | K11: =Facilities!H12 -> 0 | L11: =Facilities!I12 -> 3750000 | M11: =Facilities!J12 -> 11250000 | N11: =Shipping!G24 -> 649944 | O11: =Shipping!H24 -> 522504 | P11: =Shipping!I24 -> 464448 | Q11: =Shipping!J24 -> 2322240 | R11: =Shipping!K24 -> 8926110

Sheet Natual gas
A1: NG price | B1: 3 | C1: Spot | D1: https://www.eia.gov/dnav/ng/hist/rngwhhdm.htm
C2: Future | D2: https://www.cmegroup.com/markets/energy/natural-gas/natural-gas.quotes.html
C3: Gas production
B4: County | C4: Thousand Cubic Feet | D4: Cubic Feet | E4: BTU | F4: Million Btu | G4: Price
B5: 2024 | C5: 0 | D5: =C5*1000 -> 0 | E5: =D5*1037 -> 0 | F5: =E5/10^6 -> 0 | G5: =F5*$B$1 -> 0
B6: 2025 | C6: =(143500+24436) -> 167936 | D6: =C6*1000 -> 167936000 | E6: =D6*1037 -> 174149632000 | F6: =E6/10^6 -> 174149.63 | G6: =F6*$B$1 -> 522448.9
B7: 2026 | C7: =(124650+199100) -> 323750 | D7: =C7*1000 -> 323750000 | E7: =D7*1037 -> 335728750000 | F7: =E7/10^6 -> 335728.75 | G7: =F7*$B$1 -> 1007186.2
B8: 2027 | C8: =(108277+382110) -> 490387 | D8: =C8*1000 -> 490387000 | E8: =D8*1037 -> 508531319000 | F8: =E8/10^6 -> 508531.32 | G8: =F8*$B$1 -> 1525594
B9: 2028 | C9: =(94325+721571) -> 815896 | D9: =C9*1000 -> 815896000 | E9: =D9*1037 -> 846084152000 | F9: =E9/10^6 -> 846084.15 | G9: =F9*$B$1 -> 2538252.5
B10: 2029 | C10: =(87253+1160415) -> 1247668 | D10: =C10*1000 -> 1247668000 | E10: =D10*1037 -> 1293831716000 | F10: =E10/10^6 -> 1293831.7 | G10: =F10*$B$1 -> 3881495.1
B11: 2030 | C11: =C10 -> 1247668 | D11: =C11*1000 -> 1247668000 | E11: =D11*1037 -> 1293831716000 | F11: =E11/10^6 -> 1293831.7 | G11: =F11*$B$1 -> 3881495.1

Sheet Beet Purchase
A1: SBS purchase Price | B1: 225
A2: Beet per SBS purchase price | B2: 175
C3: Total SBS | D3: Wyoming Sugar (Washakie ) | E3: Produced SBS Total | F3: Washakie Ratio of Capital Invested | G3: Washakie Production | H3: Goshen Production | I3: Out of State Purchase
B4: 2024 | C4: 3000 | D4: 3000 | E4: 0 | F4: 0 | G4: =F4*E4 -> 0 | H4: =E4*(1-F4) -> 0 | I4: =C4-D4-E4 -> 0
B5: 2025 | C5: 10000 | D5: 3000 | E5: 0 | F5: 0 | G5: =F5*E5 -> 0 | H5: =E5*(1-F5) -> 0 | I5: =C5-D5-E5 -> 7000
B6: 2026 | C6: 100000 | D6: 43000 | E6: 0 | F6: 0 | G6: =F6*E6 -> 0 | H6: =E6*(1-F6) -> 0 | I6: =C6-D6-E6 -> 57000
B7: 2027 | C7: 175000 | D7: 10000 | E7: 87500 | F7: =5/(5+7.5) -> 0.4 | G7: =F7*E7 -> 35000 | H7: =E7*(1-F7) -> 52500 | I7: =C7-D7-E7 -> 77500
B8: 2028 | C8: 200000 | D8: 10000 | E8: 150000 | F8: =5/20 -> 0.25 | G8: =F8*E8 -> 37500 | H8: =E8*(1-F8) -> 112500 | I8: =C8-D8-E8 -> 40000
B9: 2029 | C9: 240000 | D9: 10000 | E9: 200000 | F9: =5/20 -> 0.25 | G9: =F9*E9 -> 50000 | H9: =E9*(1-F9) -> 150000 | I9: =C9-D9-E9 -> 30000
B10: 2030 | C10: 240000 | D10: 10000 | E10: 200000 | F10: =5/20 -> 0.25 | G10: =F10*E10 -> 50000 | H10: =E10*(1-F10) -> 150000 | I10: =C10-D10-E10 -> 30000
C12: Beet purchase values
B13: Year | C13: Washakie SBS Purchase | D13: Washakie Beet Purchase | E13: Goshen Beet Purchase | F13: Out of State Purchase
B14: 2024 | C14: =D4*$B$1 -> 675000 | D14: =G4*$B$2 -> 0 | E14: =H4*$B$2 -> 0 | F14: =I4*$B$1 -> 0
B15: 2025 | C15: =D5*$B$1 -> 675000 | D15: =G5*$B$2 -> 0 | E15: =H5*$B$2 -> 0 | F15: =I5*$B$1 -> 1575000
B16: 2026 | C16: =D6*$B$1 -> 9675000 | D16: =G6*$B$2 -> 0 | E16: =H6*$B$2 -> 0 | F16: =I6*$B$1 -> 12825000
B17: 2027 | C17: =D7*$B$1 -> 2250000 | D17: =G7*$B$2 -> 6125000 | E17: =H7*$B$2 -> 9187500 | F17: =I7*$B$1 -> 17437500
B18: 2028 | C18: =D8*$B$1 -> 2250000 | D18: =G8*$B$2 -> 6562500 | E18: =H8*$B$2 -> 19687500 | F18: =I8*$B$1 -> 9000000
B19: 2029 | C19: =D9*$B$1 -> 2250000 | D19: =G9*$B$2 -> 8750000 | E19: =H9*$B$2 -> 26250000 | F19: =I9*$B$1 -> 6750000
B20: 2030 | C20: =D10*$B$1 -> 2250000 | D20: =G10*$B$2 -> 8750000 | E20: =H10*$B$2 -> 26250000 | F20: =I10*$B$1 -> 6750000

Sheet Skid
A1: Construction Cost | B1: 300000
A2: Mainenance Cost | B2: =B1*0.1 -> 30000
C4: Year | D4: Active Construction | E4: Cummulative Locations | F4: Total Construction Cost | G4: Each Category Cost (Drilling, Building, Equipment) | H4: Maintance Cost
C5: 2024 | D5: 1 | E5: 0 | F5: =D5*$B$1 -> 300000 | G5: =F5/3 -> 100000 | H5: =E5*$B$2 -> 0
C6: 2025 | D6: 4 | E6: =E5+D5 -> 1 | F6: =D6*$B$1 -> 1200000 | G6: =F6/3 -> 400000 | H6: =E6*$B$2 -> 30000
C7: 2026 | D7: 10 | E7: =E6+D6 -> 5 | F7: =D7*$B$1 -> 3000000 | G7: =F7/3 -> 1000000 | H7: =E7*$B$2 -> 150000
C8: 2027 | D8: 10 | E8: =E7+D7 -> 15 | F8: =D8*$B$1 -> 3000000 | G8: =F8/3 -> 1000000 | H8: =E8*$B$2 -> 450000
C9: 2028 | D9: 5 | E9: =E8+D8 -> 25 | F9: =D9*$B$1 -> 1500000 | G9: =F9/3 -> 500000 | H9: =E9*$B$2 -> 750000
C10: 2029 | D10: 0 | E10: =E9+D9 -> 30 | F10: =D10*$B$1 -> 0 | G10: =F10/3 -> 0 | H10: =E10*$B$2 -> 900000
C11: 2030 | D11: 0 | E11: =E10+D10 -> 30 | F11: =D11*$B$1 -> 0 | G11: =F11/3 -> 0 | H11: =E11*$B$2 -> 900000

Sheet Facilities
A1: Full OpEx | B1: 75 | C1: per ton SBS
F4: Year | G4: Construction | I4: OpEx
G5: Washakie | H5: Goshen | I5: Washakie | J5: Goshen
F6: 2024 | G6: 0 | H6: 0 | I6: =$B$1*'Beet Purchase'!G4-'Beet Purchase'!D14 -> 0 | J6: =$B$1*'Beet Purchase'!H4 -> 0
F7: 2025 | G7: 0 | H7: 0 | I7: =$B$1*'Beet Purchase'!G5 -> 0 | J7: =$B$1*'Beet Purchase'!H5 -> 0
F8: 2026 | G8: =2.5*10^6 -> 2500000 | H8: 0 | I8: =$B$1*'Beet Purchase'!G6 -> 0 | J8: =$B$1*'Beet Purchase'!H6 -> 0
F9: 2027 | G9: =2.5*10^6 -> 2500000 | H9: =7.5*10^6 -> 7500000 | I9: =$B$1*'Beet Purchase'!G7 -> 2625000 | J9: =$B$1*'Beet Purchase'!H7 -> 3937500
F10: 2028 | G10: 0 | H10: =7.5*10^6 -> 7500000 | I10: =$B$1*'Beet Purchase'!G8 -> 2812500 | J10: =$B$1*'Beet Purchase'!H8 -> 8437500
F11: 2029 | G11: 0 | H11: 0 | I11: =$B$1*'Beet Purchase'!G9 -> 3750000 | J11: =$B$1*'Beet Purchase'!H9 -> 11250000
F12: 2030 | G12: 0 | H12: 0 | I12: =$B$1*'Beet Purchase'!G10 -> 3750000 | J12: =$B$1*'Beet Purchase'!H10 -> 11250000

Sheet Shipping
A1: https://www.bts.gov/content/average-freight-revenue-ton-mile
B2: Truck Cost (present USD per ton-mile) | C2: =(24.6*1.18)/100 -> 0.29028 | G2: Ton-Miles per year
B3: Rail Cost | C3: =(4.59*1.18)/100 -> 0.054162 | G3: Out of State Rail | I3: Wyoming Sugar | J3: Washakie Facility | K3: Goshen Facility
C4: Out of State to Upton | D4: Upton to Campbell | F4: Year | G4: Out of State Rail | H4: Upton to Campbell
B5: Type | C5: Rail | D5: Truck | F5: 2024 | G5: =$C$7*'Beet Purchase'!I4 -> 0 | H5: =$D$7*'Beet Purchase'!I4 -> 0 | I5: =$C$12*'Beet Purchase'!D4 -> 480000 | J5: =$C$17*'Beet Purchase'!G4 -> 0 | K5: =$D$17*'Beet Purchase'!H4 -> 0
B6: County of Payment | C6: None | D6: Weston | F6: 2025 | G6: =$C$7*'Beet Purchase'!I5 -> 2800000 | H6: =$D$7*'Beet Purchase'!I5 -> 420000 | I6: =$C$12*'Beet Purchase'!D5 -> 480000 | J6: =$C$17*'Beet Purchase'!G5 -> 0 | K6: =$D$17*'Beet Purchase'!H5 -> 0
B7: Distance | C7: 400 | D7: 60 | F7: 2026 | G7: =$C$7*'Beet Purchase'!I6 -> 22800000 | H7: =$D$7*'Beet Purchase'!I6 -> 3420000 | I7: =$C$12*'Beet Purchase'!D6 -> 6880000 | J7: =$C$17*'Beet Purchase'!G6 -> 0 | K7: =$D$17*'Beet Purchase'!H6 -> 0
F8: 2027 | G8: =$C$7*'Beet Purchase'!I7 -> 31000000 | H8: =$D$7*'Beet Purchase'!I7 -> 4650000 | I8: =$C$12*'Beet Purchase'!D7 -> 1600000 | J8: =$C$17*'Beet Purchase'!G7 -> 5600000 | K8: =$D$17*'Beet Purchase'!H7 -> 10762500
C9: Wyoming Sugar to Campbell | F9: 2028 | G9: =$C$7*'Beet Purchase'!I8 -> 16000000 | H9: =$D$7*'Beet Purchase'!I8 -> 2400000 | I9: =$C$12*'Beet Purchase'!D8 -> 1600000 | J9: =$C$17*'Beet Purchase'!G8 -> 6000000 | K9: =$D$17*'Beet Purchase'!H8 -> 23062500
B10: Type | C10: Truck | F10: 2029 | G10: =$C$7*'Beet Purchase'!I9 -> 12000000 | H10: =$D$7*'Beet Purchase'!I9 -> 1800000 | I10: =$C$12*'Beet Purchase'!D9 -> 1600000 | J10: =$C$17*'Beet Purchase'!G9 -> 8000000 | K10: =$D$17*'Beet Purchase'!H9 -> 30750000
B11: County of Payment | C11: Washakie | F11: 2030 | G11: =$C$7*'Beet Purchase'!I10 -> 12000000 | H11: =$D$7*'Beet Purchase'!I10 -> 1800000 | I11: =$C$12*'Beet Purchase'!D10 -> 1600000 | J11: =$C$17*'Beet Purchase'!G10 -> 8000000 | K11: =$D$17*'Beet Purchase'!H10 -> 30750000
B12: Distance | C12: 160
C14: Washakie to Campbell | D14: Goshen to Campbell
B15: Type | C15: Truck | D15: Truck | G15: Ton-Miles per year
B16: County of Payment | C16: Washakie | D16: Goshen | G16: Out of State Rail | I16: Wyoming Sugar | J16: Washakie Facility | K16: Goshen Facility
B17: Distance | C17: 160 | D17: 205 | F17: Year | G17: Out of State Rail | H17: Upton to Campbell
F18: 2024 | G18: =G5*$C$3 -> 0 | H18: =H5*$C$2 -> 0 | I18: =I5*$C$2 -> 139334.4 | J18: =J5*$C$2 -> 0 | K18: =K5*$C$2 -> 0
F19: 2025 | G19: =G6*$C$3 -> 151653.6 | H19: =H6*$C$2 -> 121917.6 | I19: =I6*$C$2 -> 139334.4 | J19: =J6*$C$2 -> 0 | K19: =K6*$C$2 -> 0
E20: =H18 -> 0 | F20: 2026 | G20: =G7*$C$3 -> 1234893.6 | H20: =H7*$C$2 -> 992757.6 | I20: =I7*$C$2 -> 1997126.4 | J20: =J7*$C$2 -> 0 | K20: =K7*$C$2 -> 0
F21: 2027 | G21: =G8*$C$3 -> 1679022 | H21: =H8*$C$2 -> 1349802 | I21: =I8*$C$2 -> 464448 | J21: =J8*$C$2 -> 1625568 | K21: =K8*$C$2 -> 3124138.5
F22: 2028 | G22: =G9*$C$3 -> 866592 | H22: =H9*$C$2 -> 696672 | I22: =I9*$C$2 -> 464448 | J22: =J9*$C$2 -> 1741680 | K22: =K9*$C$2 -> 6694582.5
F23: 2029 | G23: =G10*$C$3 -> 649944 | H23: =H10*$C$2 -> 522504 | I23: =I10*$C$2 -> 464448 | J23: =J10*$C$2 -> 2322240 | K23: =K10*$C$2 -> 8926110
F24: 2030 | G24: =G11*$C$3 -> 649944 | H24: =H11*$C$2 -> 522504 | I24: =I11*$C$2 -> 464448 | J24: =J11*$C$2 -> 2322240 | K24: =K11*$C$2 -> 8926110
